 Dungeon Crawl Stone Soup version 0.20.1-1-g8b1a95d (webtiles) character file.

6861 Jukra the Spear-Bearer (level 10, -4/77 HPs)
             Began as a Demonspawn Berserker on Sept 4, 2017.
             Was an Elder of Trog.
             Splashed by an oklob plant's acid (13 damage)
             ... on level 1 of the Lair of Beasts.
             The game lasted 00:35:43 (8779 turns).

Jukra the Spear-Bearer (Demonspawn Berserker)       Turns: 8779, Time: 00:35:43

Health: -4/77      AC: 19    Str: 25    XL:     10   Next: 78%
Magic:  0/10       EV: 10    Int: 20    God:    Trog [****..]
Gold:   424        SH:  9    Dex: 16    Spells: 9/9 levels left

rFire    . . .     SeeInvis +   v - +0 trident of Neit {protect, Str+5 Int+8 Dex-3 SInv}
rCold    . . .     Gourm    .   H - +0 shield
rNeg     . . .     Faith    .   p - +1 plate armour
rPois    .         Spirit   +   (no helmet)
rElec    .         Reflect  .   y - +1 cloak
rCorr    .         Harm     .   k - +0 pair of gloves
MR       .....                  (no boots)
Stlth    ..........             b - amulet of guardian spirit
Regen    0.3/turn               j - +3 ring of evasion
MPRegen  0.2/turn               x - +5 ring of dexterity

@: corroded, protection aura
A: hooves 1, thin metallic scales 1, agile 1, clever 1, powered by pain 2,
shaggy fur 1
a: Berserk, Trog's Hand, Brothers in Arms, Burn Spellbooks, Renounce Religion


You were on level 1 of the Lair of Beasts.
You worshipped Trog.
Trog was greatly pleased with you.
You were hungry.

You visited 3 branches of the dungeon, and saw 11 of its levels.

You collected 424 gold pieces.

Inventory:

Hand Weapons
 a - a +1 hand axe
 v - the +0 trident of Neit (weapon) {protect, Str+5 Int+8 Dex-3 SInv}
   (You found it on level 4 of the Dungeon)

   It protects the one who uses it against injury (+AC on strike).
   It affects your strength (+5).
   It affects your intelligence (+8).
   It affects your dexterity (-3).
   It lets you see invisible.
 K - a +0 battleaxe
Missiles
 J - 4 exploding tomahawks (quivered)
Armour
 k - a +0 pair of gloves (worn)
 p - a +1 plate armour (worn)
 w - a +2 robe of magic resistance
 y - a +1 cloak (worn)
 H - a +0 shield (worn)
 M - a +0 plate armour
Jewellery
 b - an amulet of guardian spirit (around neck)
 d - an uncursed ring of flight
 j - a +3 ring of evasion (left hand)
 q - an uncursed amulet of guardian spirit
 u - an uncursed ring of protection from magic
 x - a +5 ring of dexterity (right hand)
 A - an uncursed ring of protection from cold {unknown}
 F - an uncursed ring of see invisible
Wands
 n - a wand of lightning (9/15)
 r - a wand of iceblast (13/15)
 s - a wand of acid (13/15)
 C - a wand of lightning (4/15)
 D - a wand of iceblast (10/15)
 E - a wand of digging (7/24)
 L - a wand of flame (26/48)
Scrolls
 e - 3 scrolls of teleportation
 g - a scroll of brand weapon {unknown}
 l - 6 scrolls of remove curse
 t - a scroll of recharging
 z - a scroll of magic mapping {unknown}
 B - 3 scrolls of identify
 G - a scroll of fog
Potions
 h - a potion of agility
 i - 2 potions of heal wounds
 m - 2 potions of flight
 o - 3 potions of curing
Comestibles
 c - 5 bread rations
 f - 4 meat rations
 I - 2 royal jellies


   Skills:
 * Level 6.9 Fighting
 - Level 4.4(7.1) Axes
 * Level 8.6(9.1) Polearms
 * Level 5.1 Throwing
 * Level 6.5 Armour
 * Level 4.5 Dodging
 - Level 1.0 Shields
 * Level 4.5 Unarmed Combat


You had 9 spell levels left.
You didn't know any spells.

Dungeon Overview and Level Annotations

Branches:
Dungeon (9/15)             Temple (1/1) D:5            Lair (1/6) D:9
    Orc: D:9-12

Altars:
Ashenzari
Cheibriados
Dithmenos
Elyvilon
Fedhas
Gozag
Hepliaklqana
Kikubaaqudgha
Makhleb
Nemelex Xobeh
Okawaru
Qazlal
Ru
Sif Muna
Trog
Uskayaw
Xom
Yredelemnul
Zin
The Shining One

Shops:
D:8 ?   D:9 :

Annotations:
Lair:1 exclusion: oklob plant


Innate Abilities, Weirdness & Mutations

You have large cloven feet.
You are partially covered in thin metallic scales. (AC +2)
You sometimes gain power by taking damage.
You are agile. (Dex +2)
Your mind is acute. (Int +2)
You are covered in fur. (AC +1)


Message History

The bush is in the way.
You puncture the bush! You kick the bush, but do no damage.
The bush is heavily damaged.
The oklob plant spits acid at you. The splash of acid hits you!
You are splashed with acid!
The acid burns!
* * * LOW HITPOINT WARNING * * *
Attack whom?
Press: ? - help, Dir - move target cursor, f/p - oklob plant
Aim: an oklob plant (heavily damaged)
The bush is in the way.
You completely miss the bush. You kick the bush, but do no damage.
The bush is heavily damaged.
The oklob plant spits acid at you. The splash of acid hits you!
The acid corrodes you!
You are splashed with acid!
The acid burns!
* * * LOW HITPOINT WARNING * * *
The oklob plant spits acid at you. The splash of acid hits you!
The acid corrodes you!
You are splashed with acid!
The acid burns!
You die...

# .## .#... #
####..% .#
#....PPP..#
#...PPP?.#
##...PPP..###
#.####.....[......
..................
.......@........>.
..................
..................
..........<.......
#####.############
##


You could see an oklob plant.

Vanquished Creatures
  2 two-headed ogres (D:8)
  Pikel (D:6)
  Psyche (D:8)
  A hippogriff (D:9)
  Sigmund (D:4)
  4 yaks (D:8)
  A human (D:7)
  4 hogs (D:7)
  Eustachio (D:6)
  Menkaure (D:4)
  2 porcupines (D:9)
  A water moccasin (D:9)
  A sky beast (D:7)
  3 ice beasts
  2 orc warriors
  3 ogres
  Blork the orc (D:5)
  3 bullfrogs
  2 scorpions
  9 killer bees
  An oklob sapling (D:5)
  A howler monkey (D:5)
  A crimson imp (D:9)
  2 hounds (D:7)
  An orc priest (D:5)
  A bullfrog skeleton (D:6)
  A gnoll shaman (D:7)
  3 iguanas
  8 orc wizards
  9 worker ants
  A killer bee zombie (D:9)
  A hound skeleton (D:5)
  2 worker ant zombies
  11 gnolls
  11 adders
  A river rat (D:5)
  An ooze (D:2)
  An adder skeleton (D:5)
  A worm (D:3)
  4 dart slugs
  5 leopard geckos
  20 orcs
  A ball python (D:5)
  10 giant cockroaches
  5 goblins
  7 hobgoblins
  8 jackals
  5 quokkas
  3 bats
  6 frilled lizards
  A jackal skeleton (D:6)
  8 kobolds
  A leopard gecko skeleton (D:4)
  A quokka skeleton (D:8)
  13 rats
  A plant (D:5)
201 creatures vanquished.

Vanquished Creatures (others)
  A crimson imp (D:6)
  A giant cockroach (D:6)
2 creatures vanquished.

Grand Total: 203 creatures vanquished

Notes
Turn   | Place    | Note
-------+----------+-------------------------------------------
     0 | D:1      | Jukra the Demonspawn Berserker began the quest for the Orb.
     0 | D:1      | Reached XP level 1. HP: 18/18 MP: 1/1
   329 | D:1      | Gained mutation: You sometimes gain a little power by taking damage. [demonic ancestry]
   329 | D:1      | Reached XP level 2. HP: 18/24 MP: 2/2
  1003 | D:2      | Reached ** piety under Trog
  1047 | D:2      | Reached XP level 3. HP: 26/29 MP: 3/3
  1743 | D:3      | Reached XP level 4. HP: 22/35 MP: 4/4
  1772 | D:3      | Reached skill level 1 in Throwing
  1772 | D:3      | Reached skill level 1 in Unarmed Combat
  2042 | D:3      | Reached *** piety under Trog
  2152 | D:3      | Noticed a bullfrog
  2170 | D:3      | Killed a bullfrog
  2170 | D:3      | Gained mutation: You are partially covered in thin metallic scales. (AC +2) [demonic ancestry]
  2170 | D:3      | Reached XP level 5. HP: 22/41 MP: 1/5
  2495 | D:4      | Got a polished trident
  2496 | D:4      | Identified the cursed +0 trident of Neit {protect, Str+5 Int+8 Dex-3 SInv} (You found it on level 4 of the Dungeon)
  2566 | D:4      | Noticed Sigmund
  2588 | D:4      | Killed Sigmund
  2588 | D:4      | Reached skill level 1 in Shields
  2588 | D:4      | Reached XP level 6. HP: 35/48 MP: 6/6
  2683 | D:4      | Got a steaming spear
  2684 | D:4      | Identified the +0 spear "Wuhan" {holy, rPois} (You found it on level 4 of the Dungeon)
  2828 | D:4      | Reached skill level 1 in Polearms
  3107 | D:4      | Noticed Menkaure
  3116 | D:4      | Killed Menkaure
  3116 | D:4      | Reached XP level 7. HP: 45/54 MP: 4/7
  3146 | D:4      | Reached skill level 2 in Polearms
  3298 | D:5      | Entered Level 5 of the Dungeon
  3319 | D:5      | Received a gift from Trog
  3329 | D:5      | Noticed Blork the orc
  3330 | D:5      | Found a staircase to the Ecumenical Temple.
  3349 | D:5      | Killed Blork the orc
  3377 | D:5      | Reached skill level 3 in Polearms
  3642 | Temple   | Entered the Ecumenical Temple
  3955 | D:5      | Gained mutation: You have large cloven feet. [demonic ancestry]
  3955 | D:5      | Reached XP level 8. HP: 40/61 MP: 6/8
  4077 | D:5      | Found a shattered altar of Ashenzari.
  4618 | D:6      | Noticed Eustachio
  4633 | D:6      | Killed Eustachio
  4633 | D:6      | Reached skill level 4 in Polearms
  4674 | D:6      | Gained mutation: You have hoof-like feet. [potion of mutation]
  4674 | D:6      | Gained mutation: Your spells are a little harder to cast, but a little more powerful. [potion of mutation]
  4674 | D:6      | Gained mutation: Your mind is acute. (Int +2) [potion of mutation]
  4674 | D:6      | Gained mutation: Your spells are harder to cast, but more powerful. [potion of mutation]
  4675 | D:6      | Lost mutation: Your spells are harder to cast, but more powerful. [potion of mutation]
  4675 | D:6      | Lost mutation: Your mind is acute. (Int +2) [potion of mutation]
  4675 | D:6      | Lost mutation: You have hoof-like feet. [potion of mutation]
  4675 | D:6      | Gained mutation: You are weak. (Str -2) [potion of mutation]
  4675 | D:6      | Gained mutation: Armour fits poorly on your strangely shaped body. [potion of mutation]
  4675 | D:6      | Gained mutation: You are clumsy. (Dex -2) [potion of mutation]
  4675 | D:6      | Gained mutation: You possess an exceptional clarity of mind. [potion of mutation]
  4684 | D:6      | Noticed Pikel
  4715 | D:6      | HP: 3/61 [slave[Pikel] (6)]
  4727 | D:6      | Killed Pikel
  4727 | D:6      | Reached skill level 5 in Fighting
  4727 | D:6      | Reached skill level 5 in Polearms
  5270 | D:6      | Reached **** piety under Trog
  5331 | D:6      | Lost mutation: You are clumsy. (Dex -2) [potion of mutation]
  5331 | D:6      | Lost mutation: Your spells are a little harder to cast, but a little more powerful. [potion of mutation]
  5331 | D:6      | Lost mutation: You possess an exceptional clarity of mind. [potion of mutation]
  5331 | D:6      | Lost mutation: Armour fits poorly on your strangely shaped body. [potion of mutation]
  5331 | D:6      | Lost mutation: You are weak. (Str -2) [potion of mutation]
  5331 | D:6      | Gained mutation: You are covered in fur. (AC +1) [potion of mutation]
  5331 | D:6      | Gained mutation: You are agile. (Dex +2) [potion of mutation]
  5331 | D:6      | Gained mutation: Your mind is acute. (Int +2) [potion of mutation]
  5484 | D:6      | Found an iron altar of Okawaru.
  5487 | D:6      | Found a shadowy altar of Dithmenos.
  5490 | D:6      | Found a sacrificial altar of Ru.
  6158 | D:7      | Gained mutation: You sometimes gain power by taking damage. [demonic ancestry]
  6158 | D:7      | Reached XP level 9. HP: 48/68 MP: 6/9
  6386 | D:7      | Reached skill level 5 in Armour
  6782 | D:7      | Reached skill level 6 in Polearms
  6812 | D:7      | Received a gift from Trog
  7586 | D:8      | Noticed a two-headed ogre
  7599 | D:8      | Killed a two-headed ogre
  7599 | D:8      | Reached skill level 7 in Polearms
  7599 | D:8      | Reached XP level 10. HP: 69/76 MP: 10/10
  7689 | D:8      | Noticed Psyche
  7967 | D:8      | Killed Psyche
  8291 | D:8      | Found Siwkub's Magic Scroll Boutique.
  8460 | D:8      | Noticed a two-headed ogre
  8466 | D:8      | Killed a two-headed ogre
  8466 | D:8      | Reached skill level 8 in Polearms
  8574 | D:9      | Found Qummegu's Book Emporium.
  8592 | D:9      | Found a basalt altar of Yredelemnul.
  8638 | D:9      | Reached skill level 5 in Throwing
  8720 | D:9      | Found a staircase to the Lair.
  8748 | Lair:1   | Entered Level 1 of the Lair of Beasts
  8748 | Lair:1   | Noticed an oklob plant
  8779 | Lair:1   | Splashed by an oklob plant's acid

Skill      XL: |  1  2  3  4  5  6  7  8  9 10 |
---------------+-------------------------------+-----
Axes           | 3 4 |  4.4
Armour         | 2 3 4 5 6 |  6.5
Dodging        | 2 3 4 |  4.5
Throwing       | 1 2 3 4 5 |  5.1
Unarmed Combat | 1 2 3 4 |  4.5
Shields        | 1 |  1.0
Fighting       | 4 5 6 |  6.9
Polearms       | 1 3 5 7 8 |  8.6

Action                   |  1- 3 |  4- 6 |  7- 9 | 10-12 || total
-------------------------+-------+-------+-------+-------++-------
Melee: Hand axe          |   188 |    87 |       |       ||   275
       Trident           |       |    46 |   504 |   231 ||   781
       Kick              |       |       |   137 |    91 ||   228
Invok: Berserk           |       |     1 |     2 |     2 ||     5
       Burn Spellbooks   |       |       |     1 |       ||     1
  Use: Scroll            |     5 |     4 |     4 |     1 ||    14
       Potion            |       |     4 |     6 |     1 ||    11
 Stab: Sleeping          |       |       |       |     2 ||     2
  Eat: Chunk             |     2 |     1 |     3 |     2 ||     8
       Fruit             |       |     2 |     5 |       ||     7
       Royal jelly       |       |     1 |     3 |       ||     4
       Bread ration      |       |     1 |     1 |       ||     2
Armor: Animal skin       |     9 |       |       |       ||     9
       Chain mail        |    17 |       |       |       ||    17
       Plate armour      |    45 |    68 |   306 |   119 ||   538
Dodge: Dodged            |    92 |    22 |   214 |    90 ||   418
Block: Shield            |    47 |    31 |   264 |    86 ||   428
